 Dungeon Crawl Stone Soup version 0.31.0-32-g396128a36d (webtiles) character file.

Game seed: 4793508368092703784

3080 chippings the Trooper (level 9, -4/79 HPs)
             Began as a White Draconian Wanderer on Mar 22, 2024.
             Was a Follower of Vehumet.
             Slain by Amaemon
             ... wielding a -2 demon whip of venom
              (6 damage)
             ... on level 8 of the Dungeon.
             The game lasted 00:16:56 (7592 turns).

chippings the Trooper (White Draconian Wanderer)    Turns: 7592, Time: 00:16:56

Health: -4/79      AC:  8    Str: 11    XL:     9   Next: 58%
Magic:  14/15      EV: 11    Int: 15    God:    Vehumet [*.....]
Gold:   44         SH:  0    Dex: 16    Spells: 12/16 levels left

rFire   + . .        z - +0 orcbow (flame)
rCold   + + .        (shield currently unavailable)
rNeg    . . .        (body armour unavailable)
rPois   +            b - +0 hat
rElec   +            (no cloak)
rCorr   +            e - +0 pair of gloves
SInv    .            (no boots)
Will    .....        (no amulet)
Stlth   ++           t - ring of wizardry
HPRegen 0.33/turn    (no ring)
MPRegen 0.14/turn

%: wizardry (x1)
@: lethally poisoned (-4 -> -26), resistant, slowed, very slow
A: breathe frost, AC +7, unfitting armour, cold resistance 1, cold-blooded
a: Breathe Frost, Renounce Religion


You were on level 8 of the Dungeon.
You worshipped Vehumet.
Vehumet was aware of your devotion.
You visited 2 branches of the dungeon, and saw 9 of its levels.

You collected 242 gold pieces.
You spent 198 gold pieces at shops.

Inventory:

Hand Weapons
 a - a +2 falchion
 f - a +2 dagger of speed
 n - a +0 great sword
 z - a +0 orcbow of flaming (weapon)
Missiles
 o - a throwing net
 B - 2 curare-tipped darts
Armour
 b - a +0 hat (worn)
 e - a +0 pair of gloves (worn)
 g - a +0 buckler
 l - a +0 kite shield
Jewellery
 t - a ring of wizardry (left hand)
Talismans
 v - a granite talisman
Wands
 u - a wand of roots (18)
 G - a wand of mindburst (13)
 H - a wand of quicksilver (9)
Scrolls
 d - 4 scrolls of vulnerability {unknown}
 i - a scroll of revelation
 j - 2 scrolls of amnesia {unknown}
 m - 3 scrolls of enchant weapon {unknown}
 p - 3 scrolls of teleportation {unknown}
 x - a scroll of blinking {unknown}
 y - a scroll of immolation {unknown}
 D - a scroll of fog {unknown}
 I - a scroll of enchant armour {unknown}
Potions
 c - 4 potions of might
 k - a potion of resistance
 q - a potion of attraction
 r - a potion of cancellation
 s - a potion of curing
 w - a potion of magic
 A - a potion of ambrosia
 C - 2 potions of brilliance {unknown}
 E - 2 potions of lignification {unknown}
 F - a potion of haste {unknown}


   Skills:
 + Level 7.4 Fighting
 - Level 6.0 Long Blades
 + Level 4.3 Ranged Weapons
 - Level 1.0 Stealth
 - Level 4.0 Spellcasting
 + Level 5.5 Conjurations
 - Level 6.0 Translocations
 + Level 2.7 Evocations


You had 12 spell levels left.
You knew the following spells:

 Your Spells              Type           Power      Damage    Failure   Level
a - Blink                 Tloc           42%        N/A       1%          2
b - Momentum Strike       Conj/Tloc      40%        3d9       1%          2

Your spell library contained the following spells:

 Spells                   Type           Power      Damage    Failure   Level
 Freeze                   Ice            12%        1d3       8%          1
 Sting                    Conj/Alch      44%        1d5       2%          1
 Call Imp                 Summ           6%         N/A       11%         2
 Sublimation of Blood     Necr           3%         N/A       11%         2
 Summon Hydra             Summ           1%         N/A       100%        7


Dungeon Overview and Level Annotations

Branches:
Dungeon (8/15)             Temple (1/1) D:4
   Lair: D:8-11

Altars:
Ashenzari
Cheibriados
Dithmenos
Elyvilon
Gozag
Hepliaklqana
Kikubaaqudgha
Makhleb
Nemelex Xobeh
Okawaru
Qazlal
Ru
Sif Muna
Trog
Uskayaw
Vehumet
Wu Jian
Xom
Yredelemnul
Zin
The Shining One

Shops:
D:6 [*

Annotations:
D:5 1 runed translucent door, Crazy Yiuf
D:8 Amaemon


Innate Abilities, Weirdness & Mutations

You can breathe waves of freezing cold which knock back foes.
Your icy white scales are hard. (AC +7)
You cannot fit into any form of body armour.
Your flesh is cold resistant. (rC+)
You are cold-blooded and may be slowed by cold attacks.


Message History

Press: ? - help, Shift-Dir - straight line, f/p - Amaemon
Aim: Amaemon, wielding a -2 demon whip of venom (severely wounded, 64% to hit)
The bolt of dispelling energy hits the scorpion!
You kill the scorpion!
The scorpion's corpse disappears in a puff of smoke!
The bolt of dispelling energy hits Amaemon!
Amaemon is almost dead.
You feel very sick.
Unknown command.
Aiming: Mindburst
Press: ? - help, Shift-Dir - straight line, f/p - Amaemon
Aim: Amaemon, wielding a -2 demon whip of venom (almost dead, chance to affect: 41%) Amaemon resists with some effort.
You feel very sick.
Amaemon gestures wildly while chanting.
Amaemon hits you with a -2 demon whip of venom!
You are more poisoned.
Amaemon claws you.
* * * LOW HITPOINT WARNING * * *
Amaemon tail-slaps you.
* * * LOW HITPOINT WARNING * * *
You are more poisoned.
Amaemon poisons you!
You feel better.
You are no longer robbed of momentum.
The scorpion stings you.
* * * LOW HITPOINT WARNING * * *
Amaemon misses you. Amaemon barely misses you.
Amaemon tail-slaps you but does no damage.
You feel protected. The scorpion misses you.
Amaemon hits you with a -2 demon whip of venom!
* * * LOW HITPOINT WARNING * * *
Amaemon closely misses you. Amaemon misses you.
The scorpion stings you but does no damage.
Amaemon hits you with a -2 demon whip of venom!
* * * LOW HITPOINT WARNING * * *
You are lethally poisoned!
Amaemon claws you but does no damage. Amaemon tail-slaps you.
You die... .##########.# .....s6@s...# .############

You could see Amaemon and 2 scorpions.

Vanquished Creatures
  An orange demon (D:8)
  Sigmund (D:6)
  3 water moccasins
  3 ice beasts
  A sky beast (D:7)
  3 black bears
  2 ogres (D:6)
  2 centaurs
  A phantom (D:4)
  A gnoll sergeant (D:7)
  2 bullfrogs
  3 scorpions
  A jelly (D:5)
  4 killer bees (D:7)
  A howler monkey (D:6)
  A bombardier beetle (D:4)
  4 hounds
  An orc priest (D:4)
  Jessica (D:3)
  4 iguanas
  5 orc wizards
  7 gnolls
  7 adders
  A shadow imp (D:5)
  A white imp (D:6)
  A ribbon worm (D:5)
  3 dart slugs
  13 orcs
  4 endoplasms
  5 giant cockroaches
  4 goblins
  6 hobgoblins
  4 jackals
  2 quokkas
  6 ball pythons
  6 bats
  2 frilled lizards
  6 kobolds
  7 rats
130 creatures vanquished.

Notes
Turn   | Place    | Note
-------+----------+-------------------------------------------
     0 | D:1      | chippings the Draconian Wanderer began the quest for the
                  | Orb.
     0 | D:1      | chippings set off with the following items: a +2 falchion,
                  | a +0 hat, a potion of might; and the following spells
                  | available to memorise: Blink, Momentum Strike.
     0 | D:1      | Reached XP level 1. HP: 19/19 MP: 4/4
   208 | D:1      | Reached XP level 2. HP: 17/26 MP: 6/6
   222 | D:1      | Found a faded altar of an unknown god.
   250 | D:1      | Got Plato's Compilation of Reformation
   255 | D:1      | Learned a level 2 spell: Blink
   972 | D:1      | Reached XP level 3. HP: 33/33 MP: 7/7
  1242 | D:2      | Reached skill level 4 in Fighting
  1497 | D:2      | Learned a level 2 spell: Momentum Strike
  1938 | D:3      | Reached XP level 4. HP: 27/40 MP: 8/8
  2328 | D:3      | Found a shadowy altar of Dithmenos.
  2638 | D:3      | Noticed Jessica
  2648 | D:3      | Killed Jessica
  2772 | D:4      | Found a staircase to the Ecumenical Temple.
  2784 | Temple   | Entered the Ecumenical Temple
  2807 | Temple   | Became a worshipper of Vehumet
  2851 | D:4      | Noticed an ice beast
  2862 | D:4      | Killed an ice beast
  2863 | D:4      | Reached skill level 1 in Conjurations
  2863 | D:4      | Reached XP level 5. HP: 38/47 MP: 4/10
  2909 | D:4      | Reached XP level 6. HP: 42/53 MP: 8/11
  3749 | D:5      | Entered Level 5 of the Dungeon
  3776 | D:5      | Reached skill level 5 in Fighting
  3969 | D:5      | Your scales start taking on an icy white colour.
  3969 | D:5      | Reached XP level 7. HP: 61/61 MP: 12/12
  3969 | D:5      | Gained mutation: Your flesh is cold resistant. (rC+) [White
                  | Draconian growth]
  4087 | D:5      | Reached skill level 1 in Ranged Weapons
  4744 | D:5      | Found a runed translucent door.
  4745 | D:5      | Noticed Crazy Yiuf
  5168 | D:6      | Reached XP level 8. HP: 54/70 MP: 11/14
  5231 | D:6      | Noticed Sigmund
  5245 | D:6      | Killed Sigmund
  5246 | D:6      | Reached skill level 6 in Fighting
  5281 | D:6      | Reached * piety under Vehumet
  5281 | D:6      | Offered knowledge of Freeze by Vehumet.
  5358 | D:6      | Found Sutie's Antique Armour Shop.
  5402 | D:6      | Reached skill level 5 in Long Blades
  5640 | D:6      | Reached skill level 5 in Translocations
  5955 | D:6      | Found Muqy's Specific Store.
  5956 | D:6      | Found Cepleusk's General Store.
  5962 | D:6      | Bought a scroll of identify for 30 gold pieces
  5966 | D:6      | Bought a scroll of identify for 24 gold pieces
  5966 | D:6      | Bought a scroll of identify for 24 gold pieces
  5968 | D:6      | Bought a potion of resistance for 120 gold pieces
  6281 | D:7      | Reached XP level 9. HP: 78/78 MP: 12/15
  6796 | D:7      | Reached skill level 7 in Fighting
  6796 | D:7      | Reached skill level 5 in Conjurations
  6936 | D:7      | Reached skill level 1 in Evocations
  7443 | D:8      | Noticed a two-headed ogre
  7576 | D:8      | Noticed an orange demon
  7577 | D:8      | Noticed Amaemon
  7585 | D:8      | Killed an orange demon
  7592 | D:8      | HP: 2/79 [Amaemon/-2 demon whip of venom (11)]
  7592 | D:8      | Slain by Amaemon

Illustrated notes

Levels and vault maps discovered:
D:1:      erik_arrival_cave_to_civilisation [erik_arrival_cave_to_hall],
          layout_basic, shapermc_ecumenical_altar_rom_forum
D:2:      layout_loops_ring
D:3:      wander_river, layout_basic, grunt_dithmenos_smoke,
          minmay_misc_feat_pillars, kennysheep_jessica_study
D:4:      layout_basic, minmay_temple_entry_wispy
D:5:      layout_gridville, minivault_26, kennysheep_generic_room_4,
          uniq_crazy_yiuf_cottage
D:6:      layout_loops_cross, serial_shops, shop, nicolae_specific_store,
          uniq_sigmund
D:7:      layout_cave_pods
D:8:      minmay_recursive_quarters, layout_loops_ring, uniq_amaemon, uniq_grum
Temple:   mainiacjoe_temple_big_plus

Skill      XL: |  1  2  3  4  5  6  7  8  9 |
---------------+----------------------------+-----
Fighting       | 4 5 6 7 |  7.4
Translocations | 2 3 4 5 6 |  6.0
Long Blades    | 3 4 5 6 |  6.0
Conjurations   | 1 2 3 4 5 |  5.5
Spellcasting   | 4 |  4.0
Ranged Weapons | 2 3 4 |  4.3
Evocations     | 2 |  2.7
Stealth        | |  1.0

Action                     |  1- 3 |  4- 6 |  7- 9 || total
---------------------------+-------+-------+-------++-------
  Melee: Falchion          |   118 |    86 |    31 ||   235
         Tailslap          |    11 |     8 |     2 ||    21
         Punch             |       |       |     1 ||     1
   Fire: Orcbow            |       |     2 |   205 ||   207
   Cast: Momentum Strike   |       |     9 |    37 ||    46
  Evoke: Wand              |       |       |     6 ||     6
    Use: Potion            |       |     2 |     7 ||     9
         Scroll            |       |       |     5 ||     5
   Stab: Sleeping          |     3 |     1 |     1 ||     5
 Armour: Skin              |    93 |    82 |   162 ||   337
  Dodge: Dodged            |    90 |    39 |   113 ||   242
